 Dungeon Crawl Stone Soup version 0.21.1-1-g345015f (webtiles) character file.

143 Kagorn the Skirmisher (level 5, -5/33 HPs)
             Began as a Gargoyle Fighter on July 26, 2018.
             Killed by divine providence
             ... invoked by an orc priest
              (14 damage)
             ... on level 3 of the Dungeon.
             The game lasted 00:09:52 (2130 turns).

Kagorn the Skirmisher (Gargoyle Fighter)            Turns: 2130, Time: 00:09:53

Health: -5/33      AC: 12    Str: 19    XL:     5   Next: 25%
Magic:  5/5        EV:  7    Int:  9    God:
Gold:   78         SH:  9    Dex: 10    Spells: 4/4 levels left

rFire    . . .     SeeInvis .   l - +1 short sword (vamp)
rCold    . . .     Gourm    .   c - +0 shield
rNeg     + . .     Faith    .   b - +0 scale mail
rPois    ∞         Spirit   .   h - +0 helmet
rElec    +         Reflect  .   (no cloak)
rCorr    .         Harm     .   (no gloves)
MR       .....                  (no boots)
Stlth    ..........             (no amulet)
HPRegen  0.11/turn              g - ring of fire
MPRegen  0.09/turn              k - ring of ice

@: no status effects
A: negative energy resistance 1, electricity resistance, unbreathing,
petrification resistance, rot immunity, AC +4
a: no special abilities


You were on level 3 of the Dungeon.
You were not hungry.

You visited 1 branch of the dungeon, and saw 3 of its levels.

You collected 78 gold pieces.

Inventory:

Hand Weapons
 a - a +0 long sword
 l - a +1 vampiric short sword (weapon)
Missiles
 e - 64 stones (quivered)
Armour
 b - a +0 scale mail (worn)
 c - a +0 shield (worn)
 h - a +0 helmet (worn)
 o - a +0 buckler
Jewellery
 g - a ring of fire (left hand)
 k - a ring of ice (right hand)
Scrolls
 i - a scroll of remove curse
 j - 2 scrolls of teleportation
 n - a scroll of magic mapping
Comestibles
 f - 9 rations


   Skills:
 * Level 4.2 Fighting
 * Level 1.0(1.9) Short Blades
 - Level 2.4(2.5) Long Blades
 + Level 3.8 Armour
 + Level 1.1 Dodging
 + Level 1.6 Stealth
 + Level 3.8 Shields


You had 4 spell levels left.
You didn't know any spells.

Dungeon Overview and Level Annotations

Branches:
Dungeon (3/15)

Altars:
Ashenzari
Kikubaaqudgha
Nemelex Xobeh
The Shining One


Innate Abilities, Weirdness & Mutations

You are resistant to torment.
Your stone body is resilient. (AC +4)
You are immune to poison.
You resist negative energy. (rN+)
You are resistant to electric shocks. (rElec)
You can survive without breathing.
You are immune to petrification.
You are immune to rotting.


Message History

You hit the orc priest but do no damage.
The orc closely misses you. You block the orc wizard's attack.
The orc priest hits you with a short sword.
* * * LOW HITPOINT WARNING * * *
You hit the orc priest.
You feel better.
The orc priest is lightly wounded.
The orc hits you but does no damage.
The orc wizard hits you but does no damage.
The orc priest hits you but does no damage.
You barely miss the orc priest.
The orc priest is lightly wounded.
The orc wizard hits you but does no damage.
The orc barely misses you. The orc priest barely misses you.
You block the orc wizard's attack.
You completely miss the orc priest.
The orc priest is lightly wounded.
You block the orc's attack.
The orc priest invokes the aid of Beogh against you.
Beogh smites you!
You die...

.#........)†)...[...
.........<†#.......#
...................#
...................#
...................#...
...................#..
.....................
...........o###.###[#
..........@####..##.######
..........oo..............
....#.<........#..........
....#.....####.##.........
.. #.....# #.##.........
#...... #..##........
#...... ##.##..o.....
######. .##...o....
.##........


You could see an orc priest, an orc wizard and an orc.

Vanquished Creatures
  A killer bee zombie (D:2)
  7 gnolls
  An adder (D:2)
  A worm (D:2)
  A dart slug (D:1)
  2 leopard geckos (D:1)
  An orc (D:3)
  7 bats
  3 giant cockroaches
  4 goblins
  A hobgoblin (D:1)
  A quokka (D:3)
  A ball python (D:1)
  A frilled lizard (D:1)
  A jackal skeleton (D:2)
  5 kobolds
  6 rats
44 creatures vanquished.

Notes
Turn   | Place    | Note
-------+----------+-------------------------------------------
     0 | D:1      | Kagorn the Gargoyle Fighter began the quest for the Orb.
     0 | D:1      | Reached XP level 1. HP: 14/14 MP: 1/1
   118 | D:1      | Reached XP level 2. HP: 17/19 MP: 2/2
   227 | D:1      | Found a sparkling altar of Nemelex Xobeh.
   876 | D:2      | Reached XP level 3. HP: 19/24 MP: 3/3
   883 | D:2      | Reached skill level 1 in Stealth
   898 | D:2      | Reached XP level 4. HP: 15/29 MP: 4/4
  1070 | D:2      | Reached skill level 4 in Fighting
  1080 | D:2      | Found an ancient bone altar of Kikubaaqudgha.
  1091 | D:2      | Reached skill level 1 in Dodging
  1169 | D:2      | Found a shattered altar of Ashenzari.
  1615 | D:2      | Found a sparkling altar of Nemelex Xobeh.
  2020 | D:3      | Reached skill level 1 in Short Blades
  2020 | D:3      | Reached XP level 5. HP: 9/33 MP: 5/5
  2061 | D:3      | Found a glowing golden altar of the Shining One.
  2130 | D:3      | Killed from afar by an orc priest

Skill      XL: |  1  2  3  4 |
---------------+-------------+-----
Long Blades    | 2 |  2.4
Stealth        | 1 |  1.6
Fighting       | 4 |  4.2
Dodging        | 1 |  1.1
Short Blades   | 1 |  1.0
Armour         | |  3.8
Shields        | |  3.8

Action                   |  1- 3 |  4- 6 || total
-------------------------+-------+-------++-------
Melee: Long sword        |   102 |       ||   102
       Short sword       |       |   127 ||   127
  Use: Scroll            |       |     3 ||     3
       Potion            |       |     3 ||     3
  Eat: Ration            |       |     3 ||     3
Armor: Scale mail        |    49 |   145 ||   194
Dodge: Dodged            |    36 |    90 ||   126
Block: Shield            |    60 |   111 ||   171
       Rpst.: Long sword |     7 |       ||     7
